cohdb
Replays
Latest Replays
All Replays
Popular Replays
Top Player Replays
Match Explorer
How It Works
Community
CoH3 Stats
Reddit
Sign in to upload your games and track your stats! →
Sign in with Steam
Match 44213395
Unlisted
Match 44213395
Overview
Messages
Build Orders
End
Construct Infanterie Kompanie
Grenadier Squad
Selects Breakthrough Battlegroup
MG 42 Machine Gun Team
MG 42 Machine Gun Team
Construct Luftwaffe Kompanie
Selects Rapid Production
Selects Rapid Production
Flak 30 Anti-aircraft Gun Team
Support Elements
Marder III M Tank Destroyer
MG 42 Machine Gun Team
Pioneer Squad
Wirbelwind Flakpanzer
Grenadier Squad
Marder III M Tank Destroyer
Wirbelwind Flakpanzer
Selects Blitzkrieg
Side Skirts
Jäger Squad
Luftwaffe Officer Quarters
Marder III M Tank Destroyer
221 Scout Car
Wirbelwind Flakpanzer
Pioneer Squad
Jäger Squad
Kettenkrad Recon Vehicle
MrBiggles
Valar[M]orgHulis
Mr.Wu
古明地•恋
SpoSadiK
Wayne_Wang
掉线学说
Danimda
0
0
Comments
sign in to comment!
No comments posted yet!